 Dungeon Crawl Stone Soup version 0.31-a0-986-g5e6e4ef867 (webtiles) character file.

Game seed: 14722767178303132148

131959 Pooter the Severer (level 16, -16/226 HPs)
             Began as a Minotaur Berserker on Nov 14, 2023.
             Was a High Priest of Trog.
             Killed from afar by a shock serpent (21 damage)
             ... with a bolt of electricity
             ... on level 1 of the Snake Pit on Nov 16, 2023.
             The game lasted 02:30:50 (34276 turns).

Pooter the Severer (Minotaur Berserker)            Turns: 34276, Time: 02:30:51

Health: -16/226    AC: 22    Str: 25    XL:     16   Next: 56%
Magic:  15/15      EV: 12    Int:  6    God:    Trog [*****.]
Gold:   977        SH:  0    Dex: 16    Spells: 15/15 levels left

rFire   + + .        a - +4 battleaxe "Newtbane" {heavy, rC- Will+ Dex+2 SInv}
rCold   . . .        (shield currently unavailable)
rNeg    . . .        L - +4 chain mail of Saloow {+Blink Will++ Dex-5 SInv}
rPois   +            s - +1 hat
rElec   .            H - scarf {rC+ rF+}
rCorr   .            l - +1 pair of gloves "Fetaj" {rPois}
SInv    +            G - +2 pair of boots {rampage}
Will    ++++.        e - amulet of regeneration Stlth
                     F - ring of protection from fire
HPRegen 1.37/turn    S - +6 ring of dexterity
MPRegen 0.14/turn

%: rampage
@: berserking, very quick
A: horns 2, retaliatory headbutt
a: Renounce Religion, Evoke Blink, Berserk, Trog's Hand, Brothers in Arms


You were on level 1 of the Snake Pit.
You worshipped Trog.
Trog was extremely pleased with you.
You visited 5 branches of the dungeon, and saw 24 of its levels.
You also visited: Sewer and Gauntlet.

You collected 2623 gold pieces.
You spent 1646 gold pieces at shops.

Inventory:

Hand Weapons
 a - the +4 battleaxe "Newtbane" (weapon) {heavy, rC- Will+ Dex+2 SInv}
   (Trog gifted it to you on level 14 of the Dungeon)

   Dex+2:     It affects your dexterity (+2).
   rC-:       It makes you vulnerable to cold.
   Will+:     It increases your willpower.
   SInv:      It lets you see invisible.
 b - a +3 arbalest of draining
   (You bought it in a shop on level 2 of the Orcish Mines)
 g - a +1 vampiric battleaxe
   (You took it off a naga on level 3 of the Lair of Beasts)
 z - a +1 heavy war axe
   (You found it on level 8 of the Dungeon)
 R - a +3 battleaxe
   (You took it off an orc warrior on level 2 of the Orcish Mines)
 W - a +2 battleaxe of freezing
   (You found it on level 5 of the Lair of Beasts)
 X - a +2 morningstar of holy wrath
   (You took it off a gargoyle on level 14 of the Dungeon)
 Y - a +1 battleaxe of flaming
   (Trog gifted it to you on level 5 of the Lair of Beasts)
Missiles
 h - 5 javelins
 p - 133 poisoned darts
 r - 35 boomerangs (quivered)
 A - 11 curare-tipped darts
 K - 3 throwing nets {!f}
Armour
 j - a +1 pair of gloves of stealth
   (You bought it in a shop on level 2 of the Orcish Mines)
 l - the +1 pair of gloves "Fetaj" (worn) {rPois}
   (You found it in a Gauntlet)

   rPois:     It protects you from poison
 s - a +1 hat (worn)
   (You found it on level 3 of the Dungeon)
 G - a +2 pair of boots of rampaging (worn)
   (You bought it in a shop on level 2 of the Orcish Mines)
 H - a scarf of resistance (worn)
   (You found it in a sewer)
 I - a +4 plate armour
   (You found it on level 6 of the Dungeon)
 L - the +4 chain mail of Saloow (worn) {+Blink Will++ Dex-5 SInv}
   (You bought it in a shop on level 2 of the Orcish Mines)

   Dex-5:     It affects your dexterity (-5).
   Will++:    It greatly increases your willpower.
   SInv:      It lets you see invisible.
   +Blink:    It lets you blink.
 M - the +1 plate armour "Motubot" {+Blink rElec Dex+5}
   (You found it in a Gauntlet)

   Dex+5:     It affects your dexterity (+5).
   rElec:     It insulates you from electricity.
   +Blink:    It lets you blink.
 Z - the +1 pair of gloves "Xixun" {rF+}
   (You found it in a Gauntlet)

   rF+:       It protects you from fire.
Jewellery
 e - an amulet of regeneration (around neck)
   (You found it on level 11 of the Dungeon)
 n - an amulet of the acrobat
   (You found it on level 1 of the Dungeon)
 F - a ring of protection from fire (left hand)
   (You found it on level 3 of the Lair of Beasts)
 S - a +6 ring of dexterity (right hand)
   (You found it on level 11 of the Dungeon)
Wands
 d - a wand of iceblast (13)
   (You found it on level 4 of the Lair of Beasts)
 f - a wand of flame (64)
   (You took it off Sigmund on level 2 of the Dungeon)
 u - a wand of paralysis (15)
   (You found it on level 7 of the Dungeon)
 D - a wand of digging (11)
   (You found it on level 6 of the Dungeon)
 Q - a wand of polymorph (3)
   (You found it on level 1 of the Snake Pit)
Scrolls
 i - 8 scrolls of identify {@r1}
 m - 2 scrolls of immolation {!r}
 t - a scroll of teleportation {@r4}
 B - 3 scrolls of butterflies
 C - 2 scrolls of vulnerability {!r}
 E - 2 scrolls of revelation
 J - a scroll of fog
 N - 2 scrolls of noise {!r}
 T - a scroll of poison {!r}
 U - a scroll of fear
Potions
 c - 9 potions of lignification {!q}
 k - 6 potions of curing {@q1}
 o - a potion of resistance
 q - 6 potions of enlightenment
 w - a potion of cancellation
 x - 9 potions of heal wounds {@q2}
 y - 2 potions of attraction {!q}
 P - a potion of haste {@q3}
 V - 3 potions of might
Miscellaneous
 O - a lightning rod (4/4) {!a}
   (You found it in a Gauntlet)


   Skills:
 + Level 15.9 Fighting
 * Level 18.3 Axes
 - Level 18.0 Ranged Weapons
 - Level 6.3 Throwing
 - Level 10.0 Armour
 + Level 7.1 Dodging
 + Level 5.6 Stealth
 + Level 8.3 Evocations


You had 15 spell levels left.
You didn't know any spells.
Your spell library was empty.

Dungeon Overview and Level Annotations

Branches:
Dungeon (15/15) Zot: 25295  Temple (0/1) D:5            Lair (5/5) D:10 Zot: 22128
 Shoals (0/4) Lair:3        Snake (1/4) Lair:3 Zot: 3495   Slime (0/5) Lair:4
    Orc (2/2) D:11 Zot: 6306     Elf (1/3) Orc:2 Zot: 4798  Vaults (0/5) D:13
 Depths (0/4) D:15          Sewer (visited)         Gauntlet (visited)

Altars:
Cheibriados
Gozag
Makhleb
Qazlal
Sif Muna
Trog
Uskayaw
Wu Jian
Xom
Yredelemnul
Jiyva

Shops:
D:6 (   D:9 [   D:12 !   Orc:2 :[**(

Portals:
Pandemonium: Orc:2

Annotations:
Elf:1 3 runed translucent doors


Innate Abilities, Weirdness & Mutations

You have a pair of horns on your head.
You reflexively headbutt those who attack you in melee.


Message History

a +0 flail; a +0 robe; a +1 kite shield of protection The naga shouts!
You hear an angry hiss.
A shock serpent comes into view.
The naga spits poison at you. The splash of poison misses you.
You shoot a bolt. The bolt hits the naga!!
The naga unwields a +3 mace.
The naga wields a +0 sling.
The naga shoots a sling bullet.
The sling bullet closely misses you.
You shoot a bolt. The bolt hits the naga!!
You kill the naga!
Trog accepts your kill.
You shoot a bolt. The bolt hits the shock serpent.
You feel agile.
a - the +4 battleaxe "Newtbane" (weapon)
{heavy, rC- Will+ Dex+2 SInv} The shock serpent barely misses you.
You barely miss the shock serpent. Your headbutt misses the shock serpent.
The shock serpent bites you. The shock serpent shocks you!
You miss the shock serpent. The shock serpent bites you.
The shock serpent shocks you! The shock serpent barely misses you.
You furiously retaliate!
You headbutt the shock serpent. You slice the shock serpent!!
The shock serpent's electric aura discharges, shocking you!
The shock serpent bites you but does no damage.
The shock serpent bites you! The shock serpent shocks you!
You closely miss the shock serpent. You headbutt the shock serpent!
The shock serpent's electric aura discharges, shocking you!
The shock serpent shoots out a bolt of lightning at you!
The bolt of electricity hits you!!
* * * LOW HITPOINT WARNING * * *
The bolt of electricity hits you.
* * * LOW HITPOINT WARNING * * *
The shock serpent bites you!
* * * LOW HITPOINT WARNING * * *
The shock serpent shocks you!
* * * LOW HITPOINT WARNING * * *
A red film seems to cover your vision as you go berserk!
You feel yourself moving faster!
You feel mighty!
The shock serpent shoots out a bolt of lightning at you!
The bolt of electricity misses you. The bolt of electricity hits you!!
* * * LOW HITPOINT WARNING * * *
You barely miss the shock serpent. Your headbutt misses the shock serpent.
The shock serpent closely misses you.
You closely miss the shock serpent. You headbutt the shock serpent!
The shock serpent's electric aura discharges, shocking you!
* * * LOW HITPOINT WARNING * * *
The shock serpent shoots out a bolt of lightning at you!
The bolt of electricity hits you!
* * * LOW HITPOINT WARNING * * *
The bolt of electricity hits you!!
You die...

#...## ##..^.# #...#
##....## #..[#
##..N.## #...#
##....## #...#
#....## #...#
######..##
#..[###....N..#
#....#........#
#..@S.........#
#.#.#..(((....#
###.#..(P(P...######
#.#...)..).......>
#)#.......)..#....
###.##........## ###
#..)######....#
##..# ##...# #...#
#.).##


You could see a shock serpent.

Vanquished Creatures
  Mlioglotl (Snake:1)
  Kirke (D:13)
  Aizul (Snake:1)
  An orc warlord (Orc:1)
  Nessos (D:15)
  Azrael (D:15)
  A minotaur (Gauntlet)
  The ghost of Mowku the Grappler, a journeyman TrSh of Makhleb (Orc:1)
  An entropy weaver (shapeshifter) (D:14)
  7 hydras
  A hell beast (Gauntlet)
  A catoblepas (Lair:5)
  Harold (Lair:1)
  An ogre mage (Orc:1)
  A demonspawn (Orc:2)
  11 centaur warriors
  2 dancing weapons (D:13)
  7 boulder beetles
  6 two-headed ogres
  3 naga warriors (Snake:1)
  A death knight (D:14)
  A deep troll earth mage (D:15)
  4 tengu warriors
  5 orc high priests (Orc:2)
  A soul eater (Orc:2)
  2 skysharks (Lair:4)
  Amaemon (Lair:3)
  A sixfirhy (Orc:2)
  Lodul (D:13)
  A skeletal warrior (D:14)
  A lindwurm (Lair:5)
  An arcanist (D:14)
  A naga ritualist (Snake:1)
  6 orc knights
  20 ugly things
  4 deep elf pyromancers
  A mana viper (shapeshifter) (D:14)
  A mana viper (Snake:1)
  7 orc sorcerers (Orc:2)
  6 cyclopes
  Maurice (Orc:1)
  3 manticores
  4 salamanders (Snake:1)
  A rust devil (Orc:2)
  4 torpor snails (Lair:1)
  12 black mambas
  A naga mage (Snake:1)
  A black mamba (shapeshifter) (D:13)
  3 elephants (Lair:5)
  4 gargoyles
  An orange demon (Lair:3)
  2 unseen horrors
  2 minotaur zombies (Gauntlet)
  8 cane toads
  A rime drake (Lair:4)
  3 yaktaurs (D:15)
  17 komodo dragons
  2 tengu conjurers
  A freezing wraith (D:14)
  6 trolls
  2 hornets
  16 polar bears
  A wolf spider simulacrum (D:14)
  12 blink frogs
  5 dream sheep (Lair:3)
  7 slime creatures
  A shadow (D:10)
  Sigmund (D:2)
  A culicivora (shapeshifter) (D:15)
  A ynoxinul (D:8)
  3 wraiths
  3 jumping spiders (shapeshifter)
  4 wyverns
  A vampire (D:11)
  5 hogs (D:13)
  3 fire elementals (D:15)
  4 fire bats (Lair:5)
  5 basilisks
  50 yaks
  2 chaos spawn (Orc:2)
  Menkaure (D:5)
  A steam dragon (D:10)
  7 wargs
  3 swamp worms (Lair:4)
  8 vampire mosquitoes
  7 nagas
  Duvessa (D:5)
  21 water moccasins
  4 acid dragons
  17 hell hounds
  35 orc warriors
  3 sky beasts
  13 black bears
  19 ogres
  30 wolves
  8 boggarts
  4 centaurs
  A phantom (D:5)
  8 kobold brigands
  3 gnoll sergeants
  18 bullfrogs
  7 scorpions
  Dowan (D:5)
  14 killer bees
  6 howler monkeys
  2 electric eels (Lair:5)
  5 hounds
  27 orc priests
  7 jellies
  A gnoll bouda (D:7)
  Natasha (thrice) (D:3)
  Terence (D:3)
  4 hell rats (Lair:5)
  6 iguanas
  22 orc wizards
  Robin (D:2)
  10 adders
  22 gnolls
  A white imp (D:6)
  4 ufetubi
  4 worms
  A worm (shapeshifter) (D:13)
  The ghost of croobank the Sneak, a weakling OpDe (D:6)
  A dart slug (D:3)
  86 orcs
  3 bats
  6 endoplasms
  13 goblins
  8 hobgoblins
  12 jackals
  42 kobolds
  2 quokkas
  7 ball pythons
  3 frilled lizards
  12 rats
877 creatures vanquished.

Vanquished Creatures (others)
  An ugly thing (D:13)
1 creature vanquished.

Grand Total: 878 creatures vanquished

Notes
Turn   | Place    | Note
-------+----------+-------------------------------------------
     0 | D:1      | Pooter the Minotaur Berserker began the quest for the Orb.
     0 | D:1      | Reached XP level 1. HP: 19/19 MP: 0/0
   132 | D:1      | Reached XP level 2. HP: 22/27 MP: 1/1
   188 | D:1      | Found a faded altar of an unknown god.
  1079 | D:2      | Reached skill level 1 in Throwing
  1125 | D:2      | Found a stormy altar of Qazlal.
  1221 | D:2      | Noticed Robin
  1230 | D:2      | Reached XP level 3. HP: 33/33 MP: 2/2
  1287 | D:2      | Killed Robin
  1350 | D:2      | Reached ** piety under Trog
  1354 | D:2      | Reached XP level 4. HP: 40/40 MP: 3/3
  1361 | D:2      | Reached skill level 5 in Axes
  1597 | D:2      | Noticed Sigmund
  1611 | D:2      | Killed Sigmund
  1612 | D:2      | Reached skill level 5 in Fighting
  1612 | D:2      | Reached XP level 5. HP: 48/48 MP: 4/4
  1612 | D:2      | Reached XP level 6. HP: 56/56 MP: 5/5
  1864 | D:3      | Noticed Terence
  1870 | D:3      | Killed Terence
  1944 | D:3      | Noticed Natasha
  1950 | D:3      | Killed Natasha
  1974 | D:3      | Noticed Natasha
  1981 | D:3      | Killed Natasha
  2612 | D:3      | Found a snail-covered altar of Cheibriados.
  2621 | D:3      | Found a burning altar of Makhleb.
  2654 | D:3      | Noticed Natasha
  2660 | D:3      | Killed Natasha
  2850 | D:4      | Reached XP level 7. HP: 47/62 MP: 6/6
  3393 | D:4      | Reached *** piety under Trog
  3427 | D:4      | Found a shimmering altar of Xom.
  3429 | D:4      | Found a hide-covered altar of Uskayaw.
  3434 | D:4      | Found a basalt altar of Yredelemnul.
  3449 | D:4      | Found an ornate altar of the Wu Jian Council.
  3705 | D:4      | Found an opulent altar of Gozag.
  3753 | D:5      | Entered Level 5 of the Dungeon
  3834 | D:5      | Noticed Menkaure
  3838 | D:5      | Killed Menkaure
  3839 | D:5      | Reached XP level 8. HP: 71/71 MP: 7/7
  3867 | D:5      | Noticed Dowan
  3882 | D:5      | Killed Dowan
  3947 | D:5      | Found a staircase to the Ecumenical Temple.
  4327 | D:5      | Reached skill level 5 in Throwing
  4344 | D:5      | Reached skill level 10 in Axes
  4659 | D:5      | Noticed Duvessa
  4669 | D:5      | Killed Duvessa
  4767 | D:6      | Found Zetraroj's Weapon Emporium.
  4772 | D:6      | Reached XP level 9. HP: 81/81 MP: 8/8
  4775 | D:6      | Bought 5 poisoned darts for 30 gold pieces
  4775 | D:6      | Bought 3 curare-tipped darts for 36 gold pieces
  4850 | D:6      | Noticed croobank's ghost (weakling OpDe)
  4983 | D:6      | Noticed a gargoyle
  4988 | D:6      | Killed a gargoyle
  5105 | D:6      | Found a glowing drain.
  5114 | Sewer    | Entered a sewer
  5203 | Sewer    | Reached skill level 1 in Ranged Weapons
  5605 | D:6      | Found a runed translucent gate.
  5605 | D:6      | Found a runed translucent gate.
  5605 | D:6      | Found a runed translucent gate.
  6137 | D:6      | Killed croobank's ghost
  6702 | D:7      | Reached XP level 10. HP: 91/91 MP: 9/9
  6809 | D:7      | Reached skill level 5 in Ranged Weapons
  7216 | D:8      | Identified the "Koitolops"
  7775 | D:8      | Reached skill level 15 in Axes
  7775 | D:8      | Reached XP level 11. HP: 99/99 MP: 10/10
  7961 | D:8      | Reached skill level 10 in Fighting
  8333 | D:8      | Reached **** piety under Trog
  8492 | D:8      | Noticed a boulder beetle
  8520 | D:8      | Killed a boulder beetle
  8529 | D:8      | Reached skill level 10 in Ranged Weapons
  8564 | D:8      | Found a shimmering blue altar of Sif Muna.
  8618 | D:8      | Found a bloodstained altar of Trog.
  8864 | D:9      | Noticed a two-headed ogre
  8873 | D:9      | Killed a two-headed ogre
  9081 | D:9      | Paralysed by a hornet for 2 turns
  9243 | D:9      | Reached XP level 12. HP: 107/107 MP: 11/11
  9274 | D:9      | Noticed a two-headed ogre
  9286 | D:9      | Killed a two-headed ogre
  9463 | D:9      | Found Qaecoar's Antique Armour Shoppe.
  9768 | D:10     | Entered Level 10 of the Dungeon
  9798 | D:10     | Noticed a two-headed ogre
  9826 | D:10     | Killed a two-headed ogre
 10461 | D:10     | Noticed a centaur warrior
 10470 | D:10     | Killed a centaur warrior
 10714 | D:10     | Found a staircase to the Lair.
 10952 | D:11     | Noticed a two-headed ogre
 10959 | D:11     | Killed a two-headed ogre
 10988 | D:11     | Noticed a boulder beetle
 10998 | D:11     | Killed a boulder beetle
 11141 | D:11     | Reached skill level 5 in Armour
 11164 | D:11     | Found a gate leading to a gauntlet.
 11169 | Gauntlet | Entered a Gauntlet
 11169 | Gauntlet | Found a transporter.
 11172 | Gauntlet | Found a transporter.
 11174 | Gauntlet | Noticed a hell beast
 11198 | Gauntlet | Killed a hell beast
 11235 | Gauntlet | Found a transporter.
 11235 | Gauntlet | Found a transporter.
 11242 | Gauntlet | Identified the +1 pair of gloves "Fetaj" {rPois}
 11257 | Gauntlet | Found a transporter.
 11264 | Gauntlet | Identified the +1 pair of gloves "Xixun" {rF+}
 11268 | Gauntlet | Noticed a green death
 11280 | Gauntlet | Noticed a minotaur
 11290 | Gauntlet | Killed a minotaur
 11468 | Gauntlet | Identified the +1 plate armour "Motubot" {+Blink rElec
                  | Dex+5}
 11595 | D:11     | Found a staircase to the Orcish Mines.
 11626 | D:11     | Noticed a two-headed ogre
 11634 | D:11     | Killed a two-headed ogre
 12210 | Orc:1    | Entered Level 1 of the Orcish Mines
 12391 | Orc:1    | Found a runed translucent door.
 12394 | Orc:1    | Noticed Mowku's ghost (journeyman TrSh)
 12419 | Orc:1    | Noticed Maurice
 12456 | Orc:1    | Something stole an amulet of the acrobat
 12459 | Orc:1    | Something stole a lightning rod (4/4) {!a}
 12461 | Orc:1    | Something stole 5 javelins
 12463 | Orc:1    | Something stole a +2 halberd of flaming
 12467 | Orc:1    | Killed Maurice
 12643 | Orc:1    | Killed Mowku's ghost
 12644 | Orc:1    | Reached skill level 1 in Evocations
 12715 | Orc:2    | Entered Level 2 of the Orcish Mines
 13522 | Orc:2    | Noticed an orc warlord
 13539 | Orc:2    | Found Mohexuit's Weapon Boutique.
 13568 | Orc:1    | Killed an orc warlord
 13569 | Orc:1    | Reached XP level 13. HP: 50/118 MP: 12/12
 13725 | Orc:2    | Bought 6 curare-tipped darts for 129 gold pieces
 13725 | Orc:2    | Bought a +0 arbalest for 81 gold pieces
 16378 | Orc:2    | Found Vaewosoz's General Store.
 16399 | Orc:2    | Found Hehepa's General Store.
 17150 | Orc:2    | Found Nomeluewa's Book Emporium.
 17150 | Orc:2    | Found Cupooq's Antique Armour Shoppe.
 17151 | Orc:2    | Found a one-way gate leading to the halls of Pandemonium.
 17155 | Orc:2    | Bought a pair of glowing boots for 187 gold pieces
 17166 | Orc:2    | Bought a pair of runed gloves for 187 gold pieces
 17253 | Orc:2    | Found a staircase to the Elven Halls.
 17501 | Lair:1   | Entered Level 1 of the Lair of Beasts
 17549 | Lair:1   | Noticed Harold
 17561 | Lair:1   | Killed Harold
 17637 | Lair:1   | Reached skill level 15 in Ranged Weapons
 17750 | Lair:1   | Reached XP level 14. HP: 129/129 MP: 13/13
 17949 | Orc:2    | Bought the +4 chain mail of Saloow {+Blink Will++ Dex-5
                  | SInv} for 600 gold pieces
 18345 | Lair:1   | Found a snail-covered altar of Cheibriados.
 18718 | Lair:2   | Reached skill level 5 in Evocations
 18752 | Lair:2   | Found an ornate altar of the Wu Jian Council.
 18752 | Lair:2   | Found a hide-covered altar of Uskayaw.
 19683 | Lair:3   | Reached ***** piety under Trog
 19723 | Lair:3   | Identified the +7 falchion of the Dragonfly {heavy, Contam
                  | rCorr Int+5}
 19736 | Lair:3   | Noticed Amaemon
 19826 | Lair:3   | Killed Amaemon
 19929 | Lair:3   | Found a staircase to the Snake Pit.
 20011 | Lair:3   | Reached skill level 10 in Armour
 20042 | Lair:3   | Found a staircase to the Shoals.
 20475 | Lair:4   | Reached skill level 1 in Stealth
 20741 | Lair:4   | You fall into a shaft and drop 1 floor!
 20741 | Lair:5   | Entered Level 5 of the Lair of Beasts
 21371 | Lair:4   | Found a viscous altar of Jiyva.
 21372 | Lair:4   | Found a staircase to the Slime Pits.
 22400 | Lair:5   | Reached XP level 15. HP: 127/139 MP: 14/14
 23261 | Lair:5   | Received a gift from Trog
 23956 | Lair:5   | Reached ****** piety under Trog
 25246 | D:12     | Found Lylly's Distillery.
 25264 | D:12     | Bought a potion of heal wounds for 55 gold pieces
 25264 | D:12     | Bought a potion of haste for 110 gold pieces
 25264 | D:12     | Bought a potion of curing for 33 gold pieces
 25264 | D:12     | Bought a potion of curing for 33 gold pieces
 25264 | D:12     | Bought a potion of resistance for 110 gold pieces
 25264 | D:12     | Bought a potion of heal wounds for 55 gold pieces
 25429 | D:12     | You fall into a shaft and drop 1 floor!
 25437 | D:13     | Found a gate to the Vaults.
 25448 | D:13     | Noticed Kirke
 25459 | D:13     | Killed Kirke
 25459 | D:13     | Received a gift from Trog
 26314 | D:12     | Identified the +2 leather armour of the Decaying God {rN++
                  | Dex-4}
 26714 | D:13     | Reached skill level 5 in Dodging
 26776 | D:13     | Reached skill level 15 in Fighting
 26921 | D:13     | Noticed Lodul
 26930 | D:13     | Killed Lodul
 27491 | D:14     | Found a bloodstained altar of Trog.
 28003 | D:14     | Identified the +4 battleaxe "Newtbane" {heavy, rC- Will+
                  | Dex+2 SInv} (Trog gifted it to you on level 14 of the
                  | Dungeon)
 28003 | D:14     | Received a gift from Trog
 28220 | D:14     | Reached XP level 16. HP: 135/149 MP: 0/15
 28506 | D:15     | Entered Level 15 of the Dungeon
 28891 | D:15     | Noticed Azrael
 28901 | D:15     | Killed Azrael
 29164 | D:15     | Reached skill level 5 in Stealth
 29340 | D:15     | Noticed Nessos
 29348 | D:15     | Killed Nessos
 29591 | D:15     | Found a staircase to the Depths.
 30218 | Vaults:1 | Identified the "Nuruq"
 30218 | Vaults:3 | Identified the "Ylevit"
 30218 | Vaults:5 | Identified the of Etwugg
 30218 | Vaults:5 | Identified the "Iwkeizef"
 30218 | Crypt:3  | Identified the "Guicirhi"
 30218 | Elf:1    | Entered Level 1 of the Elven Halls
 30675 | Elf:1    | Found a runed translucent gate.
 30675 | Elf:1    | Found a runed translucent gate.
 30675 | Elf:1    | Found a runed translucent gate.
 30675 | Elf:1    | Noticed a tentacled monstrosity
 30675 | Elf:1    | Noticed a tentacled monstrosity
 30676 | Elf:1    | Noticed a tentacled monstrosity
 30676 | Elf:1    | Noticed a tentacled monstrosity
 31627 | Snake:1  | Entered Level 1 of the Snake Pit
 33331 | Snake:1  | Noticed Mlioglotl
 33338 | Snake:1  | Paralysed by accursed screaming for 1 turns
 33340 | Snake:1  | Killed Mlioglotl
 33482 | Snake:1  | Found a bloodstained altar of Trog.
 33499 | Snake:1  | Identified the serpent talisman "Gexergh" {rN+ Will- Int+5
                  | Dex+2}
 33499 | Snake:1  | Noticed Aizul
 33510 | Snake:1  | Killed Aizul
 34276 | Snake:1  | HP: 5/226 [shock serpent/bolt of electricity (16)]
 34276 | Snake:1  | Killed from afar by a shock serpent

Illustrated notes

Levels and vault maps discovered:
D:1:      matt_arrival_debris, layout_basic,
          shapermc_ecumenical_altar_flowoftime, minivault_14
D:2:      layout_basic, basic_altar, kennysheep_nub, uniq_sigmund, uniq_robin
D:3:      layout_basic, amethyst_overflow_temple_binary, minmay_misc_feat_tower,
          uniq_terence, uniq_natasha
D:4:      layout_loops_ring, minmay_overflow_temple_star_hex,
          minmay_misc_feat_cross
D:5:      layout_loops_ring, minmay_temple_entry_ruins, uniq_duvessa,
          uniq_menkaure
D:6:      layout_loops_cross, cheibrodos_sewer_entry_bend, serial_shops,
          nicolae_stop_n_shop_2, gammafunk_ghost_split, kb_rosetta
D:7:      layout_loops_ring, kennysheep_nondescript
D:8:      layout_basic, nzn_overflow_gifts_of_might_and_magic
D:9:      layout_loops_cross, serial_shops, nicolae_shop_statue_plus
D:10:     layout_roguey, dpeg_oklobed_lair, chequers_avenue,
          corexii_leaking_fountain
D:11:     layout_loops_ring, orc_0_dummy, gauntlet_entry_generic
D:12:     layout_layer_cave, serial_shops, shop
D:13:     layout_loops_ring, erik_vaults_1, uniq_lodul, uniq_kirke
D:14:     kennysheep_windowed_halls, layout_loops_ring, trog_ov_bears_minmay
D:15:     hellmonk_depths_entry_around_the_bend, layout_basic,
          minmay_strange_pillars, lemuel_flame_loot_1, uniq_nessos, uniq_azrael
Lair:1:   layout_regular_city, st_stairs_5, cheibrodos_lair_caveside_slide,
          kennysheep_snail_temple, grunt_megastairs_3, uniq_harold
Lair:2:   layout_regular_city, st_stairs_12, pdpol_lair_neglected_garden,
          bh_autumn_forest_stairs, nzn_masters_of_martial_movement
Lair:3:   layout_cave_shapes, shoals_dummy_entry, guppyfry_snake_entry_garden,
          uniq_amaemon
Lair:4:   layout_gridlike, slime_entry_2, small_statue_intersection,
          worms_lemuel
Lair:5:   hangedman_lair_caniforms_friends, layout_gridlike,
          pdpol_lair_cavern_descent, grunt_megastairs_2
Snake:1:  layout_concentric_octagons, basic_altar, lemuel_fruit_tree,
          minmay_shop_grove, uniq_aizul, uniq_frances, uniq_mlioglotl
Orc:1:    layout_caves, hellmonk_ghost_happy_afterlife, uniq_maurice
Orc:2:    pf_orc_diabolical, layout_caves, serial_shops,
          nicolae_shop_bloodbath_and_beyond, mines1_david
Elf:1:    elf_arrival_001, layout_loops_ring, basic_altar,
          ploomutoo_gammafunk_ghost_potion_laboratory, serial_shops,
          nicolae_shop_statue_plus, hangedman_corner_corridor, minivault_28,
          uniq_asterion

Skill      XL: |  1  2  3  4  5  6  7  8  9 10 11 12 13 14 15 16 |
---------------+-------------------------------------------------+-----
Axes           | 4 6 7 9 10 12 15 16 17 18 | 18.3
Fighting       | 4 5 6 7 9 10 12 13 14 15 | 15.9
Throwing       | 1 2 3 4 5 6 |  6.3
Ranged Weapons | 4 9 10 13 15 16 17 18 | 18.0
Armour         | 6 9 10 | 10.0
Evocations     | 1 4 6 7 8 |  8.3
Stealth        | 2 4 5 |  5.6
Dodging        | 3 6 7 |  7.1

Action                     |  1- 3 |  4- 6 |  7- 9 | 10-12 | 13-15 | 16-18 || total
---------------------------+-------+-------+-------+-------+-------+-------++-------
  Melee: Hand axe          |    52 |    17 |       |       |       |       ||    69
         Headbutt          |     6 |    14 |    35 |    74 |   173 |    41 ||   343
         War axe           |       |    67 |   280 |   402 |   720 |       ||  1469
         Punch             |       |     1 |     7 |       |    13 |       ||    21
         Halberd           |       |       |       |       |    15 |       ||    15
         Battleaxe         |       |       |       |       |    45 |   144 ||   189
   Fire: Orcbow            |       |       |    23 |    87 |       |       ||   110
         Arbalest          |       |       |       |       |   351 |    72 ||   423
  Throw: Dart              |       |       |     8 |    25 |     2 |       ||    35
         Boomerang         |       |       |       |       |     7 |       ||     7
         Javelin           |       |       |       |       |     5 |       ||     5
 Invoke: Berserk           |     2 |     2 |     8 |    20 |    17 |     4 ||    53
         Trog's Hand       |       |     2 |    10 |    20 |    25 |     3 ||    60
  Evoke: Wand              |       |       |     4 |     2 |     6 |     1 ||    13
         Lightning rod     |       |       |       |       |     3 |       ||     3
    Use: Scroll            |       |     1 |     3 |    30 |    12 |     2 ||    48
         Potion            |       |       |       |     5 |     2 |     2 ||     9
   Stab: Sleeping          |     1 |     1 |     1 |       |       |     1 ||     4
         Distracted        |       |       |       |       |       |     1 ||     1
 Armour: Animal skin       |    20 |    14 |       |       |       |       ||    34
         Robe              |       |    23 |    60 |       |       |       ||    83
         Chain mail        |       |       |    91 |       |   867 |   243 ||  1201
         Plate armour      |       |       |    71 |   402 |   220 |       ||   693
         Skin              |       |       |       |     4 |       |       ||     4
  Dodge: Dodged            |    43 |    60 |   167 |   160 |   512 |   141 ||  1083

Table legend: (Time is in decaauts)
 A = Elapsed time spent in this place.
 B = Non-inter-level travel time spent in this place.
 C = Inter-level travel time spent in this place.
 D = Time resting spent in this place.
 E = Time spent auto-exploring this place.
 F = Levels seen in this place.
 G = Mean time per level.
                   A        B        C        D        E       F      G
               +--------+--------+--------+--------+--------+-----+--------+
         Total |  34947 |  33422 |   1525 |  14279 |  13009 |  26 | 1344.1 |
       Dungeon |  16996 |  16208 |    788 |   3677 |   9322 |  15 | 1133.1 |
          Lair |   7871 |   7507 |    364 |   3245 |   2982 |   5 | 1574.2 |
     Snake Pit |   2504 |   2504 |      0 |   2173 |     22 |   1 | 2504.0 |
  Orcish Mines |   5693 |   5324 |    369 |   3669 |    612 |   2 | 2846.5 |
   Elven Halls |   1201 |   1200 |      1 |   1100 |      0 |   1 | 1201.0 |
         Sewer |    338 |    338 |      0 |    191 |     71 |   1 |  338.0 |
      Gauntlet |    343 |    343 |      0 |    222 |      0 |   1 |  343.0 |
               +--------+--------+--------+--------+--------+-----+--------+

Top non-repeatable levels by time:
   Orc:2: 4634 daAuts
  Lair:5: 3863 daAuts
 Snake:1: 2504 daAuts
     D:8: 1657 daAuts
    D:15: 1589 daAuts
    D:12: 1303 daAuts
    D:10: 1256 daAuts
    D:14: 1251 daAuts
   Elf:1: 1201 daAuts
    D:11: 1163 daAuts
     D:6: 1141 daAuts
  Lair:2: 1134 daAuts
  Lair:4: 1130 daAuts
     D:1: 1067 daAuts
  Lair:1: 1063 daAuts
